 Dungeon Crawl Stone Soup version 0.20-a0-947-g2784f4f (webtiles) character file.

340 Hybris the Ducker (level 6, 0/24 HPs)
             Began as a Felid Venom Mage on Apr 2, 2017.
             Killed by nerve-wracking pain
             ... invoked by a shadow imp
              (12 damage)
             ... on level 4 of the Dungeon.
             The game lasted 00:25:42 (7386 turns).

Hybris the Ducker (Felid Venom Mage)                Turns: 7386, Time: 00:25:43

Health: 0/24       AC:  2    Str:  4    XL:     6   Next: 30%
Magic:  0/11       EV: 21    Int: 19    God:
Gold:   151        SH:  0    Dex: 19    Spells: 1/11 levels left
                                        Lives:  0   Deaths: 1

rFire    . . .     SeeInvis +   (weapon unavailable)
rCold    . . .     Gourm    .   (shield unavailable)
rNeg     . . .     Faith    .   (armour unavailable)
rPois    .         Spirit   .   (helmet unavailable)
rElec    .         Reflect  .   (cloak unavailable)
rCorr    .         Harm     .   (gloves unavailable)
MR       .....                  (boots unavailable)
Stlth    +++.......             e - amulet of rage
Regen    0.1/turn               (no ring)
MPRegen  0.2/turn               g - +3 ring of dexterity

@: quick
A: no armour, no weapons or thrown items, stealth, claws 1, fangs 3, see
invisible, carnivore 3, speed 1, shaggy fur 2, slow metabolism 1, sharp paws
a: Evoke Berserk Rage


You were on level 4 of the Dungeon.
You were full.

You visited 1 branch of the dungeon, and saw 5 of its levels.

You collected 151 gold pieces.

Inventory:

Jewellery
 e - an amulet of rage (around neck)
 g - a +3 ring of dexterity (right paw)
Wands
 r - a wand of random effects (36/48)
Scrolls
 c - a scroll of enchant armour
 f - 5 scrolls of identify
 h - a scroll of enchant weapon {unknown}
 i - a scroll of fog
 k - a scroll of magic mapping {unknown}
 l - a scroll of remove curse
 m - a scroll of immolation {unknown}
 o - a scroll of blinking {unknown}
Potions
 n - a potion of cancellation
 p - a potion of haste {unknown}
 s - a potion of resistance {unknown}
Books
 a - a Young Poisoner's Handbook

   Spells                             Type                      Level
   a - Sting                          Conjuration/Poison           1
   b - Poisonous Vapours              Poison/Air                   2
   c - Mephitic Cloud                 Conjuration/Poison/Air       3
   d - Olgreb's Toxic Radiance        Poison                       4
   e - Venom Bolt                     Conjuration/Poison           5
 j - a book of Misfortune

   Spells                             Type                      Level
   a - Confusing Touch                Hexes                        1
   b - Confuse                        Hexes                        3
   c - Gell's Gravitas                Translocation                3
   d - Petrify                        Transmutation/Earth          4
   e - Metabolic Englaciation         Hexes/Ice                    5
   f - Yara's Violent Unravelling     Hexes/Transmutation          5
Comestibles
 b - 4 meat rations


   Skills:
 + Level 5.1 Dodging
 - Level 2.6 Stealth
 - Level 3.2 Spellcasting
 - Level 2.2 Conjurations
 * Level 4.8 Poison Magic


You had one spell level left.
You knew the following spells:

 Your Spells              Type           Power        Failure   Level  Hunger
a - Sting                 Conj/Pois      ###.         4%          1    None
b - Poisonous Vapours     Pois/Air       ##....       10%         2    ##.....
c - Mephitic Cloud        Conj/Pois/Air  ##......     17%         3    ###....
d - Olgreb's Toxic Radia  Pois           ###.....     21%         4    ####...


Dungeon Overview and Level Annotations

Branches:
Dungeon (5/15)
 Temple: D:4-7

Altars:
Dithmenos
Trog
Zin

Shops:
D:3 *


Innate Abilities, Weirdness & Mutations

You cannot wear armour.
You are incapable of wielding weapons or throwing items.
Your paws allow you to move quietly. (Stealth)
You have sharp claws.
You have razor-sharp teeth.
You have supernaturally acute eyesight. (SInv)
You are carnivorous and can eat meat at any time.
You cover ground quickly.
You are covered in thick fur. (AC +2)
You have a slow metabolism.
Your sharp claws are effective at attacking unaware monsters.


Message History

You closely miss the shadow imp.
The shadow imp is heavily wounded.
The shadow imp looks more healthy.
The shadow imp barely misses you. The shadow imp misses you.
Casting: Sting
Confirm with . or Enter, or press ? or * to list all spells.
Aiming: Sting
Press: ? - help, Shift-Dir - straight line, f/p - shadow imp
Aim: a shadow imp The sting hits the shadow imp.
The shadow imp completely resists.
The shadow imp misses you. The shadow imp completely misses you.
The shadow imp hits you. The shadow imp completely misses you.
You scratch the shadow imp but do no damage.
The shadow imp is severely wounded.
The shadow imp hits you. x2
It was a potion of cancellation.
You feel magically purged. The shadow imp gestures at you.
Pain shoots through your body!
Ouch! That really hurt!
You die...

≈≈≈≈≈≈≈≈≈..# ≈≈≈≈≈≈≈≈...####
≈≈≈≈≈≈≈.......###############
#≈≈♣≈≈....###...............#####
..........# ###############......
..........# ####### ....#.#####
##############
......##############...........##
#..............5@5...#########.##
#....################# #.##
.......## #.#. .[..##..## #.#.
<....##..##### #...
##.......%...## #####
##...###..##..### #### #.'..
##..........#...###..########.###
..###...#.....................#.'


You could see 2 shadow imps.

Vanquished Creatures
  A hound (D:4)
  An orc priest (D:3)
  2 orc wizards
  3 worker ants
  Robin (D:3)
  10 adders
  An ooze (D:3)
  A worm (D:4)
  3 dart slugs
  3 leopard geckos
  10 orcs
  2 giant cockroaches (D:1)
  11 goblins
  10 hobgoblins
  8 jackals
  9 kobolds
  A quokka (D:2)
  4 bats
  2 frilled lizards
  A leopard gecko skeleton (D:4)
  11 rats
95 creatures vanquished.

Notes
Turn   | Place    | Note
-------+----------+-------------------------------------------
     0 | D:1      | Hybris the Felid Venom Mage began the quest for the Orb.
     0 | D:1      | Reached XP level 1. HP: 7/7 MP: 4/4
    97 | D:1      | Reached skill level 3 in Dodging
   230 | D:1      | Reached XP level 2. HP: 11/11 MP: 3/6
   382 | D:1      | Learned a level 2 spell: Poisonous Vapours
  1181 | D:2      | Found a shadowy altar of Dithmenos.
  1200 | D:2      | Reached XP level 3. HP: 14/14 MP: 2/7
  1319 | D:2      | Learned a level 3 spell: Mephitic Cloud
  1708 | D:3      | Noticed Robin
  2385 | D:3      | Reached XP level 4. HP: 18/18 MP: 3/8
  2704 | D:3      | Killed Robin
  2755 | D:3      | Reached skill level 4 in Dodging
  2763 | D:3      | Slain by an orc wizard
  2764 | D:3      | Reached XP level 3. HP: 0/14 MP: 0/7
  2786 | D:3      | Found Zin's Purification Station.
  2790 | D:3      | Found a glowing silver altar of Zin.
  2819 | D:3      | Reached XP level 4. HP: 18/18 MP: 1/8
  3349 | D:3      | Reached skill level 1 in Conjurations
  4195 | D:4      | Reached XP level 5. HP: 20/21 MP: 2/9
  5599 | D:3      | Reached skill level 5 in Dodging
  5613 | D:3      | Gained mutation: You are covered in thick fur. (AC +2) [Felid growth]
  5613 | D:3      | Reached XP level 6. HP: 14/24 MP: 0/11
  5725 | D:3      | Learned a level 4 spell: Olgreb's Toxic Radiance
  6149 | D:4      | Found a bloodstained altar of Trog.
  6302 | D:5      | Entered Level 5 of the Dungeon
  7386 | D:4      | Killed from afar by a shadow imp

Vault maps used:
D:1:      dpeg_arrival_three_same_balls
D:2:      lemuel_round_altar
D:3:      zin_purify, uniq_robin
D:4:      kennysheep_mini, nicolae_ossuary_entry_catacombs,
          serial_bayou_lagoon_b
D:5:      makhleb_grotto_becter, amethyst_overflow_temple_binary, first_bread,
          gup_sewer_entry_bubbles, tgw_trog, uniq_pikel

Skill      XL: |  1  2  3  4  5 |
---------------+----------------+-----
Dodging        | 3 4 5 |  5.1
Poison Magic   | 3 4 |  4.8
Conjurations   | 1 2 |  2.2
Spellcasting   | 3 |  3.2
Stealth        | |  2.6

Action                   |  1- 3 |  4- 6 || total
-------------------------+-------+-------++-------
Melee: Unarmed           |    46 |   144 ||   190
       Bite              |     2 |    10 ||    12
 Cast: Sting             |    65 |   128 ||   193
       Poisonous Vapours |     9 |    12 ||    21
       Mephitic Cloud    |       |     5 ||     5
       Olgreb's Toxic Ra |       |     4 ||     4
  Use: Scroll            |     2 |     2 ||     4
       Potion            |     1 |     4 ||     5
 Stab: Sleeping          |       |     2 ||     2
  Eat: Chunk             |    12 |    15 ||    27
Armor: Skin              |     2 |     8 ||    10
Dodge: Dodged            |    55 |   191 ||   246
